 Dungeon Crawl Stone Soup version 0.26-a0-255-gd5f3108e62 (webtiles) character file.

Game seed: 10125663115897712678

7026 Esekla the Thaumaturge (level 11, 0/80 HPs)
             Began as a Formicid Ice Elementalist on July 9, 2020.
             Slain by a red ugly thing (12 damage)
             ... on level 13 of the Dungeon.
             The game lasted 01:29:08 (11322 turns).

Esekla the Thaumaturge (Formicid Ice Elementalist) Turns: 11322, Time: 01:29:09

Health: 0/80       AC: 18    Str: 21    XL:     11   Next: 29%
Magic:  18/23      EV: 15    Int: 18    God:
Gold:   438        SH:  0    Dex: 15    Spells: 20/27 levels left

rFire    . . .     SeeInvis +   a - +5 long sword
rCold    . . .     Faith    .   (no shield)
rNeg     . . .     Spirit   .   L - +1 robe of Peek-a-Boo {Str+2 Dex+4} (curse)
rPois    .         Reflect  .   (helmet unavailable)
rElec    .         Harm     .   I - +2 cloak
rCorr    .                      (no gloves)
MR       +....                  d - +0 pair of boots
Stlth    ++++......             p - amulet of the acrobat
HPRegen  0.23/turn              o - +4 ring of protection
MPRegen  0.18/turn              k - +6 ring of strength

@: icy armour, frozen ramparts
A: permanent stasis, dig shafts and tunnels, four strong arms, antennae 3
a: Dig, Shaft Self


You were on level 13 of the Dungeon.
You were not hungry.

You visited 2 branches of the dungeon, and saw 12 of its levels.
You also visited: Sewer and Ossuary.

You collected 438 gold pieces.

Inventory:

Hand Weapons
 a - a +5 long sword (weapon)
 s - the +5 dagger of Eternal Vigilance {vorpal, +Rage rElec rC-}
   (You found it on level 4 of the Dungeon)

   It inflicts extra damage upon your enemies.
   It makes you vulnerable to cold.
   It insulates you from electricity.
   It lets you go berserk.
 t - a cursed +2 halberd
 u - a +0 spear
 v - a +2 dagger of venom
Missiles
 i - 5 silver boomerangs
 n - 3 silver javelins
 z - 3 curare-tipped darts
 M - 16 poisoned darts (quivered)
Armour
 b - a scarf of repulsion
 d - a +0 pair of boots (worn)
 A - a +0 buckler
 I - a +2 cloak (worn)
 L - the cursed +1 robe of Peek-a-Boo (worn) {Str+2 Dex+4}
   (You found it on level 4 of the Dungeon)

   It affects your strength (+2).
   It affects your dexterity (+4).
   It has a curse placed upon it.
Jewellery
 e - an uncursed ring of wizardry
 k - a +6 ring of strength (right hand)
 o - a +4 ring of protection (left hand)
 p - an amulet of the acrobat (around neck)
 y - an uncursed ring of ice
 K - an uncursed ring of poison resistance
Wands
 w - a wand of iceblast (6)
 x - a wand of acid (3)
 J - a wand of polymorph (10)
 O - a wand of digging (2)
 P - a wand of enslavement (15)
Scrolls
 f - a scroll of identify
 h - a scroll of noise {unknown}
 j - 3 scrolls of magic mapping
 q - 2 scrolls of fog {unknown}
 C - 3 scrolls of amnesia
 E - a scroll of enchant armour
 F - a scroll of vulnerability
 H - 2 scrolls of enchant weapon
 N - 9 scrolls of remove curse
Potions
 g - a potion of might
 l - 5 potions of heal wounds
 m - 4 potions of stabbing
 r - 4 potions of ambrosia
 B - a potion of magic
 D - 2 potions of cancellation
 G - 3 potions of curing
 Q - 2 potions of flight {unknown}
Comestibles
 c - 23 rations


   Skills:
 + Level 5.4 Fighting
 + Level 3.8(6.0) Short Blades
 * Level 7.2(7.7) Long Blades
 + Level 2.1 Throwing
 + Level 4.7 Dodging
 + Level 7.0 Stealth
 * Level 2.2 Shields
 * Level 8.9 Spellcasting
 + Level 4.4 Charms
 + Level 6.5 Ice Magic


You had 20 spell levels left.
You knew the following spells:

 Your Spells              Type           Power        Failure   Level
a - Ozocubu's Armour      Chrm/Ice       ####....     2%          3
d - Freeze                Ice            ####         1%          1
r - Frozen Ramparts       Ice            ####..       1%          3

Your spell library contained the following spells:

 Spells                   Type           Power        Failure   Level
 Hailstorm                Conj/Ice       ###.....     22%         4
 Summon Ice Beast         Ice/Summ       ###.....     22%         4


Dungeon Overview and Level Annotations

Branches:
Dungeon (10/15)            Temple (1/1) D:4            Lair (0/6) D:8
  Sewer (visited)         Ossuary (visited)
    Orc: D:9-12

Altars:
Ashenzari
Cheibriados
Dithmenos
Elyvilon
Fedhas
Gozag
Hepliaklqana
Kikubaaqudgha
Makhleb
Nemelex Xobeh
Okawaru
Qazlal
Ru
Sif Muna
Trog
Uskayaw
Vehumet
Wu Jian
Xom
Yredelemnul
Zin
The Shining One


Innate Abilities, Weirdness & Mutations

You cannot be hasted, slowed, berserked, paralysed or teleported.
You can dig through walls and to a lower floor.
Your four strong arms can wield two-handed weapons with a shield.
You have a pair of large antennae on your head. (SInv)


Message History

The heat melts your icy armour.
You feel much better.
The wall freezes the red ugly thing.
The red ugly thing tentacle-slaps you but does no damage.
Your +2 dagger of venom stops dripping with poison.
a - a +5 long sword (weapon)
You barely miss the red ugly thing.
The red ugly thing is lightly wounded.
The wall freezes the red ugly thing.
The red ugly thing tentacle-slaps you but does no damage.
You hit the red ugly thing.
The red ugly thing is lightly wounded.
The wall freezes the red ugly thing.
The red ugly thing barely misses you.
You riposte.
You closely miss the red ugly thing.
The red ugly thing is lightly wounded.
You slash the red ugly thing!
The red ugly thing is heavily wounded.
The wall freezes the red ugly thing.
The red ugly thing tentacle-slaps you!
* * * LOW HITPOINT WARNING * * *
You are engulfed in flames!
You die...

.. ... .... #...# #
####..###
####.######†......#
.......#)u'(......#
.......)@##(......#
.......####.......#
..(.... #.......#
....... #.......#
####### #.......#
#.......+ #.......#
###+##### {


You could see a red ugly thing.

Vanquished Creatures
  A centaur warrior (D:13)
  A death yak (D:8)
  A two-headed ogre (D:9)
  A troll (D:13)
  Grinder (D:6)
  2 hippogriffs
  2 wyverns (D:9)
  Menkaure (Ossuary)
  A phantom (D:9)
  2 ice beasts (D:9)
  4 sky beasts
  4 orc warriors
  A black bear (D:10)
  3 ogres
  2 centaurs
  3 crocodiles
  2 bullfrogs
  7 wights (D:6)
  A howler monkey (D:8)
  A bullfrog zombie (D:5)
  A jelly (D:8)
  2 bullfrog skeletons
  A gnoll shaman (D:5)
  A hound (D:4)
  Crazy Yiuf (D:7)
  4 orc priests
  6 orc wizards
  2 centaur skeletons
  2 iguanas
  10 worker ants
  3 mummies (Ossuary)
  A howler monkey skeleton (D:6)
  15 adders
  14 gnolls
  2 river rats (Sewer)
  3 shadow imps
  4 white imps
  4 ufetubi
  An ooze (D:4)
  2 adder skeletons
  2 worms (D:3)
  4 dart slugs
  6 leopard geckos
  47 orcs
  7 bats
  9 giant cockroaches
  4 gnoll zombies (Ossuary)
  9 goblins
  10 hobgoblins
  9 jackals
  8 kobolds
  6 quokkas
  5 ball pythons
  12 frilled lizards
  5 gnoll skeletons (Ossuary)
  4 goblin skeletons (Ossuary)
  7 goblin zombies (Ossuary)
  4 hobgoblin skeletons (Ossuary)
  2 hobgoblin zombies (Ossuary)
  A jackal skeleton (D:4)
  4 kobold skeletons (Ossuary)
  4 kobold zombies (Ossuary)
  3 leopard gecko skeletons
  2 orc skeletons (Ossuary)
  5 orc zombies (Ossuary)
  2 quokka skeletons
  19 rats
  3 rat skeletons (Ossuary)
  3 rat zombies (Ossuary)
326 creatures vanquished.

Vanquished Creatures (others)
  A goblin skeleton (Ossuary)
  A kobold skeleton (Ossuary)
  An orc skeleton (Ossuary)
3 creatures vanquished.

Grand Total: 329 creatures vanquished

Notes
Turn   | Place    | Note
-------+----------+-------------------------------------------
     0 | D:1      | Esekla the Formicid Ice Elementalist began the quest for
                  | the Orb.
     0 | D:1      | Reached XP level 1. HP: 13/13 MP: 3/3
   293 | D:1      | Reached XP level 2. HP: 19/19 MP: 2/5
   849 | D:2      | Reached XP level 3. HP: 21/25 MP: 5/7
   897 | D:1      | Learned a level 3 spell: Frozen Ramparts
  1062 | D:2      | Reached skill level 1 in Fighting
  1210 | D:2      | Found an opulent altar of Gozag.
  1241 | D:2      | Reached skill level 3 in Spellcasting
  1374 | D:2      | Reached XP level 4. HP: 30/32 MP: 8/8
  1410 | D:2      | Learned a level 3 spell: Ozocubu's Armour
  1727 | D:3      | Found a glowing drain.
  1853 | Sewer    | Entered a sewer
  1973 | Sewer    | Reached XP level 5. HP: 35/37 MP: 10/10
  2020 | Sewer    | Reached skill level 1 in Short Blades
  2892 | D:3      | Reached skill level 1 in Charms
  3518 | D:3      | Reached XP level 6. HP: 44/44 MP: 8/11
  4092 | D:4      | Got a transparent dagger
  4093 | D:4      | Identified the +5 dagger of Eternal Vigilance {vorpal,
                  | +Rage rElec rC-} (You found it on level 4 of the Dungeon)
  4111 | D:4      | Reached skill level 4 in Spellcasting
  4168 | D:4      | Found a glowing golden altar of the Shining One.
  4194 | D:4      | Found a sand-covered staircase.
  4229 | Ossuary  | Entered an ossuary
  4600 | Ossuary  | Reached XP level 7. HP: 50/50 MP: 13/13
  4658 | Ossuary  | Noticed Menkaure
  4690 | Ossuary  | Killed Menkaure
  5142 | D:4      | Found a staircase to the Ecumenical Temple.
  5158 | Temple   | Entered the Ecumenical Temple
  5412 | D:4      | Got a heavy robe
  5436 | D:4      | Identified the cursed +1 robe of Peek-a-Boo {Str+2 Dex+4}
                  | (You found it on level 4 of the Dungeon)
  5756 | D:5      | Entered Level 5 of the Dungeon
  5960 | D:5      | Reached skill level 5 in Spellcasting
  5998 | D:5      | Reached skill level 5 in Ice Magic
  5998 | D:5      | Reached XP level 8. HP: 50/58 MP: 11/15
  6018 | D:5      | Reached skill level 1 in Throwing
  7075 | D:6      | Reached skill level 6 in Spellcasting
  7075 | D:6      | Reached XP level 9. HP: 65/65 MP: 16/18
  7413 | D:6      | Noticed Grinder
  7434 | D:6      | Killed Grinder
  7434 | D:6      | Reached skill level 5 in Stealth
  7906 | D:7      | Found a runed translucent door.
  7907 | D:7      | Noticed Crazy Yiuf
  7913 | D:7      | Killed Crazy Yiuf
  8162 | D:7      | Reached skill level 1 in Long Blades
  8810 | D:9      | Noticed a two-headed ogre
  8817 | D:9      | Killed a two-headed ogre
  8817 | D:9      | Reached skill level 7 in Spellcasting
  8817 | D:9      | Reached XP level 10. HP: 31/73 MP: 13/21
  9437 | D:8      | Noticed a death yak
  9452 | D:8      | Reached skill level 8 in Spellcasting
  9461 | D:8      | Killed a death yak
  9540 | D:8      | Reached skill level 5 in Long Blades
  9708 | D:8      | Found a staircase to the Lair.
  9756 | D:8      | Reached skill level 5 in Fighting
 10730 | D:9      | Reached XP level 11. HP: 60/79 MP: 16/23
 11078 | D:10     | Entered Level 10 of the Dungeon
 11175 | D:10     | You fall into a shaft and drop 3 floors!
 11198 | D:13     | Reached skill level 1 in Shields
 11200 | D:13     | Noticed a centaur warrior
 11215 | D:13     | Killed a centaur warrior
 11310 | D:13     | Noticed a red ugly thing
 11322 | D:13     | Slain by a red ugly thing

Illustrated notes

Levels and vault maps discovered:
D:1:      sevenhm_arrival_forest_fort_small_5, layout_rooms, minmay_distorted
D:2:      layout_loops_cross, first_ration, lemuel_statue_altar
D:3:      layout_basic, gup_sewer_entry_bubbles
D:4:      layout_basic, nicolae_overflow_crystal_walls, temple_green,
          enter_ossuary_2
D:5:      layout_loops_corners
D:6:      layout_basic, uniq_grinder
D:7:      layout_loops_ring, grunt_ogre_cave, uniq_crazy_yiuf_cottage
D:8:      layout_loops_cross, david_lair_generic
D:9:      layout_roguey
D:10:     layout_cave_pools, david_orc_3, serial_shops, shop,
          hangedman_decor_growths
D:13:     layout_roguey, serial_shops, shop, uniq_rupert
Temple:   kilobyte_greek_temple

Skill      XL: |  1  2  3  4  5  6  7  8  9 10 11 |
---------------+----------------------------------+-----
Fighting       | 1 2 3 4 5 |  5.4
Spellcasting   | 3 4 5 6 7 8 |  8.9
Short Blades   | 1 2 3 |  3.8
Stealth        | 3 4 6 7 |  7.0
Charms         | 1 2 3 4 |  4.4
Dodging        | 2 3 4 |  4.7
Ice Magic      | 5 6 |  6.5
Throwing       | 1 2 |  2.1
Long Blades    | 2 6 7 |  7.2
Shields        | 2 |  2.2

Action                   |  1- 3 |  4- 6 |  7- 9 | 10-12 || total
-------------------------+-------+-------+-------+-------++-------
Melee: Dagger            |    51 |   310 |   266 |     3 ||   630
       Long sword        |       |       |    24 |   134 ||   158
Throw: Boomerang         |       |    11 |     5 |       ||    16
       Dart              |       |       |     9 |     7 ||    16
       Javelin           |       |       |     2 |       ||     2
 Cast: Freeze            |    25 |       |       |       ||    25
       Frozen Ramparts   |     5 |    24 |    25 |    23 ||    77
       Ozocubu's Armour  |       |     9 |    11 |    14 ||    34
 Abil: Dig               |       |     4 |       |       ||     4
  Use: Scroll            |       |     6 |     5 |     6 ||    17
       Potion            |       |     2 |     4 |     1 ||     7
 Stab: Sleeping          |     3 |     8 |    18 |     3 ||    32
       Distracted        |       |     1 |       |       ||     1
  Eat: Ration            |     1 |     3 |     3 |     3 ||    10
Armor: Robe              |    18 |    77 |    49 |    70 ||   214
       Skin              |       |       |    31 |       ||    31
Dodge: Dodged            |    56 |   182 |   133 |   110 ||   481
       Rpst.: Long sword |       |       |     1 |    33 ||    34

Table legend:
 A = Non-vault XP
 B = Vault XP
 C = Vault XP percentage of total XP
 D = Non-vault monster count
 E = Vault monster count
 F = Vault count percentage of total count
                 A         B        C        D         E       F
            +---------+---------+-------+---------+---------+-------
      Total |    7889 |    2149 |  21.4 |     237 |      87 |  26.9
            +---------+---------+-------+---------+---------+-------
        D:1 |      25 |       2 |   7.4 |      14 |       1 |   6.7
        D:2 |      45 |       0 |   0.0 |      19 |       0 |   0.0
        D:3 |     144 |      30 |  17.2 |      32 |       8 |  20.0
        D:4 |     329 |       0 |   0.0 |      25 |       0 |   0.0
        D:5 |     625 |       0 |   0.0 |      31 |       0 |   0.0
        D:6 |     919 |     281 |  23.4 |      37 |       1 |   2.6
        D:7 |     431 |     163 |  27.4 |      18 |       2 |  10.0
        D:8 |     581 |    1337 |  69.7 |      16 |       4 |  20.0
        D:9 |    2709 |       0 |   0.0 |      33 |       0 |   0.0
       D:10 |     171 |       0 |   0.0 |       3 |       0 |   0.0
       D:13 |    1910 |       0 |   0.0 |       9 |       0 |   0.0
      Sewer |       0 |      61 | 100.0 |       0 |      22 | 100.0
    Ossuary |       0 |     275 | 100.0 |       0 |      49 | 100.0
            +---------+---------+-------+---------+---------+-------
